Map: Forgotten Sanctuary

Players

RepGaming

  • Race: Terran Terran
  • Spawn Location: 3:00

Turaf

  • Race: Terran Terran
  • Spawn Location: 6:00

Gram

  • Race: Protoss Protoss
  • Spawn Location: 6:00

ItzJuaNkrlOz

  • Race: Protoss Protoss
  • Spawn Location: 3:00

Opeth - Winner!

  • Race: Terran Terran
  • Spawn Location: 12:00

biff - Winner!

  • Race: Terran Terran
  • Spawn Location: 12:00

Leeyow - Winner!

  • Race: Terran Terran
  • Spawn Location: 9:00

Infamous - Winner!

  • Race: Protoss Protoss
  • League: Silver
  • Spawn Location: 9:00

VOD

Have the link to the VOD?

Description

Time

  • Played on: April 1, 2018, 3:01 p.m.
  • Length: 19:41
Show
View Real Time Build Order
Export as new Build Order

RepGaming Terran 

Build Orders:  

Get SALT Encoding   

  12  0:18  Supply Depot  
  12  0:22  Supply Depot  
  12  0:51  Barracks  
  12  0:55  Supply Depot  
  12  0:59  SCV  
  13  1:11  SCV  
  14  1:23  SCV  
  15  1:35  SCV  
  16  1:47  SCV  
  16  1:48  Refinery  
  16  1:53  Refinery  
  17  1:59  SCV  
  18  2:11  SCV  
  19  2:23  SCV  
  20  2:30  Barracks  
  20  2:33  Barracks  
  20  2:35  SCV  
  21  3:21  Barracks  
  21  3:26  Barracks  
  21  3:42  Barracks Tech Lab  
  21  3:49  Barracks Tech Lab  
  21  3:55  Barracks Tech Lab  
  21  4:06  Command Center  
  21  4:36  Orbital Command  
  21  4:39  Barracks Reactor  
  21  4:46  Engineering Bay  
  21  4:47  Engineering Bay  
  21  4:48  Barracks Reactor  
  21  4:51  Marauder  
  21  4:52  Marauder x2  
  27  5:13  Marauder x3  
  33  5:20  Refinery  
  33  5:34  Marauder  
  25  5:47  Refinery  
  18  5:59  Marine x6  
  24  6:16  Marine  
  24  6:17  Marine x5  
  30  6:29  SCV  
  31  6:34  Marine  
  32  7:11  SCV x2  
  34  7:23  SCV x2  
  36  7:35  SCV x2  
  38  7:47  SCV x2  
  40  7:53  Factory  
  40  7:59  SCV x2  
  42  8:11  SCV  
  42  8:12  SCV  
  44  8:23  SCV  
  44  8:24  SCV  
  46  8:35  SCV  
  46  8:36  Marine, SCV  
  46  8:37  Marine x5  
  54  8:43  Combat Shields  
  54  8:47  Stimpack  
  54  8:50  Concussive Shells  
  54  9:00  Supply Depot  
  54  9:05  Supply Depot  
  54  9:21  SCV x2  
  56  9:32  Supply Depot  
  56  9:33  Supply Depot, SCV x2  
  58  9:45  SCV x2  
  60  9:57  Supply Depot x2, SCV x2  
  49  10:10  SCV x2  
  32  10:24  Marine x7  
  39  10:37  SCV  
  39  10:41  Marine  
  39  10:42  Marine x6  
  48  10:47  Orbital Command  
  48  10:49  SCV  
  48  10:59  Marine  
  48  11:00  Marine x3  
  52  11:21  SCV x2  
  54  11:33  SCV, Terran Infantry Weapons Level 1, Terran Infantry Armor Level 1  
  54  11:34  SCV  
  56  11:41  Armory  
  56  11:45  SCV  
  56  11:46  SCV  
  58  11:48  Marine  
  58  11:49  Marine x6  
  65  11:57  SCV  
  65  11:58  SCV  
  67  12:06  Marine x6  
  73  12:09  SCV  
  73  12:10  SCV  
  75  12:35  Marine  
  75  12:36  Marauder  
  82  12:37  Marine, Marauder x2  
  82  12:39  Marine  
  82  12:40  Marine  
  85  12:53  Marine  
  85  12:55  Marine  
  85  12:57  Marine x3  
  85  12:58  Marine x2, Starport  
  92  12:59  Starport  
  92  13:11  Marine  
  92  13:12  Marine  
  93  13:15  Marine x3  
  93  13:16  Marine x2  
  99  13:28  Marine  
  99  13:29  Command Center  
  99  13:30  Marine  
  99  13:31  Terran Infantry Armor Level 2, Terran Infantry Weapons Level 2  
  101  13:41  Marine  
  102  13:57  Missile Turret  
  102  13:58  Missile Turret  
  102  14:03  Supply Depot  
  102  14:05  Supply Depot  
  102  14:25  Marine x7  
  102  14:27  Supply Depot  
  102  14:29  Supply Depot  
  109  14:36  Medivac  
  109  14:37  Medivac  
  113  14:43  Marine  
  113  14:44  Orbital Command  
  114  14:51  Supply Depot  
  114  14:54  Supply Depot  
  114  15:05  Marine x4  
  118  15:14  Supply Depot  
  118  15:16  Supply Depot  
  118  15:21  Orbital Command  
  118  15:25  Marine  
  118  15:26  Marine x6  
  125  15:36  Supply Depot  
  125  15:43  Supply Depot, Marine x5  
  125  15:44  Marine x2  
  132  15:51  Missile Turret  
  132  15:54  Missile Turret  
  132  16:01  Marine x7  
  125  16:12  Missile Turret  
  125  16:14  Missile Turret  
  73  16:19  Marine x6  
Show
View Real Time Build Order
Export as new Build Order

Turaf Terran 

Build Orders: MMM Bio 

Get SALT Encoding   

  12  0:03  SCV  
  13  0:15  SCV  
  14  0:23  Supply Depot  
  14  0:37  Supply Depot  
  14  0:49  Barracks  
  14  0:53  SCV  
  15  1:05  SCV  
  15  1:09  Barracks  
  16  1:18  Refinery  
  16  1:24  SCV  
  16  1:25  Refinery  
  17  1:36  SCV  
  18  1:48  SCV  
  19  2:03  SCV  
  19  2:05  Barracks Tech Lab  
  20  2:12  Barracks Reactor  
  20  2:15  SCV  
  21  2:22  Supply Depot  
  21  2:32  SCV  
  22  2:44  SCV  
  22  2:47  Combat Shields  
  22  2:50  Marine x2  
  25  2:55  Marine  
  25  2:56  SCV  
  27  3:06  Engineering Bay  
  27  3:08  Marine x2  
  27  3:11  Engineering Bay  
  29  3:13  Marine  
  30  3:47  Terran Infantry Weapons Level 1  
  30  3:48  Factory, Terran Infantry Armor Level 1  
  30  3:50  Marine x3  
  33  4:08  Marine x3  
  36  4:10  Stimpack  
  36  4:18  Supply Depot  
  36  4:25  Marine  
  36  4:26  Marine  
  38  4:36  Armory  
  38  4:41  Marine, Supply Depot  
  39  4:47  Marine x2  
  39  4:52  SCV  
  42  4:58  Marine  
  43  5:04  SCV  
  44  5:16  Marine, SCV  
  46  5:26  Command Center  
  46  5:30  Refinery  
  46  5:34  Marine  
  47  5:52  Marine  
  48  6:26  Terran Infantry Weapons Level 2  
  48  6:28  Terran Infantry Armor Level 2  
  48  6:34  Supply Depot  
  48  6:45  Marine x3  
  51  6:56  Supply Depot  
  50  7:03  Marine x3  
  53  7:14  SCV  
  54  7:20  Marine  
  54  7:21  Marine x2  
  57  7:23  Refinery  
  57  7:27  SCV  
  58  7:38  Marine x2  
  58  7:39  Marine, SCV  
  62  7:51  SCV  
  63  7:56  Marine x3  
  66  8:03  SCV  
  67  8:14  Marine x3  
  63  8:32  Marine x3  
  66  8:37  SCV  
  67  8:49  Marine, SCV  
  67  8:50  Marine x2  
  71  9:00  Starport  
  71  9:02  SCV  
  72  9:07  Marine x2  
  72  9:08  Marine  
  75  9:13  Supply Depot  
  75  9:14  SCV  
  76  9:25  Marine x3  
  76  9:26  SCV  
  80  9:35  Supply Depot  
  80  9:37  Starport Reactor  
  80  9:38  SCV  
  81  9:41  Terran Vehicle And Ship Armor Level 1  
  81  9:43  Marine, Terran Infantry Weapons Level 3  
  82  9:50  SCV  
  83  9:56  Terran Infantry Armor Level 3  
  83  9:59  Supply Depot  
  83  10:02  SCV  
  84  10:22  Supply Depot  
  73  10:45  Supply Depot  
  49  11:02  Marine x2  
  49  11:03  Marine  
  52  11:07  Supply Depot  
  52  11:20  Marine x2  
  52  11:21  Marine  
  55  11:31  Barracks  
  55  11:38  Marine x3  
  58  11:41  Medivac  
  58  11:42  Medivac  
  62  11:56  Marine x3  
  65  12:11  Medivac  
  65  12:12  Medivac  
  65  12:14  Marine  
  70  12:19  Barracks Reactor  
  70  12:21  Barracks  
  70  12:27  Refinery  
  70  12:29  Command Center  
  70  12:31  Marine  
  70  12:32  Marine x2  
  70  12:34  Refinery  
  73  12:41  Medivac  
  73  12:42  Medivac  
  77  12:49  Marine x2  
  77  12:50  Marine  
  80  12:57  Marine x2  
  82  13:07  Marine x3  
  82  13:11  Medivac x2  
  89  13:13  Barracks Reactor  
  89  13:14  Marine  
  89  13:15  Marine  
  91  13:25  Marine x3  
  94  13:32  Marine x2  
  96  13:41  SCV  
  96  13:43  Marine x3  
  100  13:50  Marine x2  
  100  13:53  Marine, SCV  
  100  13:54  Marine  
  105  14:01  Marine x3  
  108  14:06  SCV  
  108  14:08  Marine x2  
  111  14:11  Marine x2  
  113  14:18  Marine, Medivac x2, SCV  
  113  14:19  Marine x2  
  121  14:26  Marine x2  
  121  14:29  Marine x2  
  121  14:30  SCV  
  126  14:36  Marine x2  
  126  14:37  Marine  
  123  14:43  Marine  
  123  14:44  Marine  
  125  14:47  Marine x2  
  113  14:54  Marine  
  82  15:03  Marine x2  
  82  15:05  Marine x2  
Show
View Real Time Build Order
Export as new Build Order

Gram Protoss 

Build Orders:  

Get SALT Encoding   

  12  0:02  Probe (Chrono Boost)  
  13  0:11  Probe (Chrono Boost)  
  14  0:17  Probe  
  15  0:23  Pylon  
  15  0:42  Pylon  
  15  0:46  Forge  
  15  0:55  Probe (Chrono Boost)  
  16  1:07  Probe (Chrono Boost)  
  16  1:08  Gateway  
  17  1:21  Photon Cannon  
  17  1:22  Probe  
  18  1:35  Photon Cannon  
  18  2:04  Nexus  
  18  2:29  Nexus  
  18  2:43  Probe (Chrono Boost)  
  19  2:48  Photon Cannon  
  19  2:51  Assimilator  
  19  3:00  Cybernetics Core  
  18  3:34  Probe (Chrono Boost)  
  19  3:42  Nexus  
  19  3:43  Probe (Chrono Boost)  
  20  3:54  Pylon  
  21  3:56  Probe (Chrono Boost)  
  21  3:59  Probe (Chrono Boost), Assimilator  
  21  4:00  Assimilator  
  22  4:06  Pylon  
  23  4:10  Probe (Chrono Boost)  
  23  4:15  Photon Cannon  
  23  4:19  Probe (Chrono Boost)  
  24  4:24  Pylon  
  24  4:28  Probe (Chrono Boost)  
  24  4:30  Photon Cannon  
  25  4:32  Probe (Chrono Boost)  
  25  4:35  Assimilator  
  26  4:43  Probe (Chrono Boost)  
  26  4:44  Assimilator  
  27  4:57  Probe (Chrono Boost), Pylon  
  29  5:03  Probe (Chrono Boost)  
  29  5:04  Probe (Chrono Boost)  
  30  5:09  Probe (Chrono Boost)  
  31  5:21  Probe (Chrono Boost)  
  32  5:32  Probe (Chrono Boost)  
  33  5:37  Assimilator  
  34  5:44  Probe (Chrono Boost), Pylon  
  34  5:45  Probe (Chrono Boost)  
  35  5:52  Pylon  
  35  5:56  Probe (Chrono Boost)  
  35  5:57  Photon Cannon  
  35  5:58  Photon Cannon  
  35  6:00  Photon Cannon  
  35  6:05  Probe, Photon Cannon  
  36  6:13  Pylon  
  36  6:15  Probe (Chrono Boost)  
  38  6:19  Probe (Chrono Boost)  
  38  6:24  Pylon  
  38  6:27  Probe (Chrono Boost)  
  38  6:30  Assimilator  
  40  6:34  Probe x2 (Chrono Boost), Photon Cannon  
  40  6:37  Photon Cannon  
  41  6:40  Stargate  
  41  6:42  Probe, Stargate  
  41  7:07  Pylon  
  41  7:11  Probe (Chrono Boost)  
  42  7:18  Pylon  
  42  7:20  Assimilator  
  42  7:21  Pylon  
  43  7:23  Probe (Chrono Boost)  
  43  7:25  Probe (Chrono Boost)  
  43  7:26  Void Ray  
  43  7:27  Void Ray  
  52  7:32  Probe (Chrono Boost)  
  52  7:33  Photon Cannon  
  52  7:37  Photon Cannon  
  53  7:40  Probe (Chrono Boost)  
  53  7:41  Probe (Chrono Boost)  
  55  7:50  Probe (Chrono Boost)  
  54  8:09  Void Ray  
  54  8:10  Void Ray  
  62  8:13  Stargate  
  62  8:28  Nexus  
  62  8:30  Probe (Chrono Boost)  
  62  8:31  Photon Cannon  
  63  8:40  Probe (Chrono Boost)  
  63  8:41  Probe (Chrono Boost), Protoss Ground Weapons Level 1  
  65  8:43  Pylon  
  66  8:48  Probe (Chrono Boost)  
  66  8:51  Stargate  
  67  8:56  Probe (Chrono Boost)  
  67  8:57  Photon Cannon  
  67  9:02  Assimilator  
  67  9:04  Probe (Chrono Boost)  
  69  9:13  Probe (Chrono Boost)  
  69  9:14  Photon Cannon  
  69  9:20  Photon Cannon  
  69  9:21  Probe  
  70  9:26  Photon Cannon  
  70  9:34  Void Ray  
  74  9:43  Photon Cannon  
  74  9:45  Probe (Chrono Boost)  
  75  9:49  Probe (Chrono Boost)  
  76  9:53  Void Ray  
  80  10:05  Fleet Beacon  
  80  10:11  Void Ray  
  63  11:01  Nexus  
  63  11:12  Pylon  
  63  11:29  Carrier  
  63  11:30  Carrier  
  63  11:31  Carrier  
  81  11:33  Carrier  
  87  11:41  Probe (Chrono Boost)  
  87  11:42  Assimilator  
  88  12:03  Anion Pulse-Crystals  
  88  12:04  Stargate  
  88  12:14  Probe (Chrono Boost)  
  89  12:17  Photon Cannon  
  89  12:20  Photon Cannon  
  90  12:23  Probe (Chrono Boost)  
  90  12:27  Nexus  
  90  12:29  Probe (Chrono Boost)  
  91  12:40  Photon Cannon  
  91  12:48  Tempest  
  91  12:50  Stargate  
  97  12:59  Carrier  
  97  13:04  Carrier  
  109  13:23  Carrier  
  115  13:43  Probe (Chrono Boost)  
  115  13:44  Forge  
  115  13:47  Carrier  
  122  13:55  Probe (Chrono Boost)  
  115  14:05  Probe  
  85  15:04  Tempest (Chrono Boost)  
  97  15:11  Tempest (Chrono Boost)  
  91  15:19  Tempest (Chrono Boost)  
  91  15:20  Tempest (Chrono Boost)  
  68  15:44  Pylon  
  68  15:56  Pylon  
  74  16:05  Nexus  
  74  16:08  Pylon  
  74  16:16  Pylon  
  74  16:17  Assimilator  
  74  16:19  Pylon, Assimilator  
  74  16:29  Forge  
  79  16:34  Pylon  
  79  16:35  Pylon  
  79  16:36  Pylon  
  79  16:37  Pylon  
  73  16:40  Pylon  
  49  16:47  Pylon  
  49  16:49  Pylon  
  49  16:50  Pylon  
  31  17:06  Photon Cannon x2  
  31  17:07  Photon Cannon x2  
  29  17:09  Photon Cannon  
  29  17:10  Photon Cannon x2  
  29  17:11  Photon Cannon  
  29  17:12  Photon Cannon  
  29  17:13  Photon Cannon  
  28  17:15  Photon Cannon  
  28  17:19  Photon Cannon x2  
  28  17:20  Photon Cannon  
  28  17:21  Photon Cannon  
  28  17:22  Photon Cannon  
  27  17:23  Photon Cannon  
  27  17:26  Photon Cannon  
  27  17:27  Photon Cannon  
  27  17:30  Photon Cannon  
  27  17:31  Photon Cannon x3  
  27  17:33  Photon Cannon  
  27  17:36  Photon Cannon  
  24  17:37  Photon Cannon  
  24  17:40  Photon Cannon  
  24  17:42  Photon Cannon x2  
  19  17:45  Photon Cannon  
  19  17:46  Photon Cannon  
  19  17:51  Photon Cannon  
  19  17:56  Photon Cannon  
  17  17:59  Photon Cannon  
  17  18:01  Photon Cannon  
  17  18:03  Photon Cannon  
  17  18:04  Photon Cannon  
  17  18:06  Photon Cannon  
  17  18:09  Photon Cannon  
  16  18:16  Pylon  
  16  18:17  Pylon  
  14  18:21  Pylon  
  14  18:22  Pylon  
  14  18:27  Pylon  
  14  18:32  Pylon  
  11  18:41  Photon Cannon  
  11  18:43  Photon Cannon  
  11  18:45  Photon Cannon  
  6  18:50  Photon Cannon  
Show
View Real Time Build Order
Export as new Build Order

ItzJuaNkrlOz Protoss 

Build Orders:  

Get SALT Encoding   

  12  0:02  Probe (Chrono Boost)  
  13  0:23  Pylon  
  13  0:39  Pylon  
  13  0:47  Forge  
  13  0:51  Gateway  
  14  0:57  Probe  
  14  1:17  Pylon  
  14  1:24  Photon Cannon  
  14  1:41  Photon Cannon  
  14  1:47  Cybernetics Core  
  14  1:52  Assimilator  
  14  1:56  Probe, Assimilator  
  15  2:07  Zealot (Chrono Boost)  
  17  3:23  Pylon  
  17  3:26  Pylon  
  17  3:36  Shield Battery  
  17  3:41  Photon Cannon  
  17  4:18  Probe (Chrono Boost)  
  18  4:28  Probe (Chrono Boost)  
  19  4:35  Stargate  
  19  4:37  Stargate  
  19  4:48  Pylon  
  19  4:59  Robotics Facility  
  19  5:28  Void Ray (Chrono Boost)  
  23  6:21  Void Ray (Chrono Boost)  
  23  6:25  Void Ray (Chrono Boost)  
  31  6:33  Nexus  
  31  6:47  Pylon  
  31  6:58  Protoss Air Armor Level 1  
  31  7:06  Assimilator  
  31  7:11  Assimilator  
  31  7:15  Pylon  
  31  7:20  Photon Cannon  
  31  7:49  Probe  
  32  8:02  Probe  
  29  8:14  Probe  
  22  8:25  Void Ray  
  26  8:29  Probe (Chrono Boost)  
  27  8:39  Probe (Chrono Boost)  
  28  8:44  Probe (Chrono Boost)  
  28  8:47  Protoss Shields Level 1 (Chrono Boost)  
  29  8:52  Protoss Air Weapons Level 1 (Chrono Boost)  
  29  8:55  Probe  
  30  9:39  Photon Cannon  
  30  9:42  Shield Battery  
  30  9:45  Void Ray (Chrono Boost)  
  30  9:46  Void Ray (Chrono Boost)  
  38  10:48  Pylon  
  38  10:55  Void Ray x2  
  46  11:07  Robotics Facility  
  46  11:12  Fleet Beacon  
  46  11:18  Probe (Chrono Boost)  
  47  11:28  Probe (Chrono Boost)  
  48  11:44  Photon Cannon  
  48  11:48  Shield Battery  
  48  11:55  Observer  
  49  12:04  Probe (Chrono Boost)  
  49  12:06  Protoss Air Armor Level 2 (Chrono Boost)  
  50  12:14  Probe (Chrono Boost)  
  51  12:17  Observer  
  52  12:31  Void Ray x2  
  60  13:19  Void Ray x2 (Chrono Boost)  
  68  13:51  Mothership (Chrono Boost)  
  76  14:05  Protoss Air Weapons Level 2 (Chrono Boost)  
  76  14:17  Pylon  
  40  15:00  Twilight Council  
  40  15:15  Gateway  
Show
View Real Time Build Order
Export as new Build Order

Opeth Terran - Winner!

Build Orders: Command Center First (CC) 

Get SALT Encoding   

  12  0:03  SCV  
  13  0:34  SCV  
  14  0:46  SCV  
  15  0:57  Command Center  
  15  1:03  Supply Depot  
  15  1:25  Supply Depot  
  15  1:52  Barracks  
  15  2:02  SCV  
  15  2:07  Refinery  
  16  2:11  Refinery  
  16  2:14  SCV x2  
  18  2:26  SCV x2  
  20  2:38  SCV  
  20  2:39  SCV  
  22  2:50  SCV  
  22  2:51  SCV  
  24  2:55  Factory  
  24  3:02  SCV  
  24  3:03  SCV  
  26  3:14  SCV  
  26  3:15  SCV  
  28  3:21  Refinery  
  28  3:25  Refinery  
  28  3:27  SCV  
  29  3:31  Engineering Bay  
  29  3:38  Orbital Command  
  29  3:39  SCV  
  30  3:49  Starport  
  30  3:50  Factory Tech Lab  
  30  3:51  Barracks Tech Lab, SCV  
  31  4:03  SCV  
  32  4:15  SCV  
  33  4:27  SCV  
  33  4:28  Fusion Core  
  34  4:38  Command Center  
  34  4:39  SCV  
  35  4:49  Starport Tech Lab  
  35  4:51  SCV  
  36  5:03  SCV  
  37  5:15  SCV  
  37  5:17  Starport  
  37  5:19  Weapon Refit  
  37  5:20  Starport  
  38  5:28  SCV  
  39  5:43  Battlecruiser  
  45  6:01  Orbital Command  
  45  6:11  Starport Tech Lab x2  
  45  6:18  Starport  
  45  6:40  Supply Depot  
  45  6:51  Battlecruiser  
  45  6:54  Battlecruiser  
  57  6:56  Battlecruiser  
  63  7:02  Starport Tech Lab  
  63  7:05  Supply Depot  
  63  7:09  SCV  
  64  7:21  SCV  
  65  7:24  Battlecruiser  
  65  7:29  Armory  
  71  7:33  SCV  
  72  7:43  Supply Depot  
  72  7:45  SCV  
  73  7:58  SCV  
  74  8:00  Battlecruiser  
  80  8:06  Supply Depot  
  80  8:09  Refinery  
  80  8:12  SCV, Refinery  
  81  8:17  Armory  
  81  8:18  Battlecruiser  
  87  8:24  SCV  
  88  8:34  Supply Depot  
  88  8:36  SCV  
  89  8:41  Building Armor  
  89  8:48  SCV  
  90  8:56  Battlecruiser  
  90  8:57  Supply Depot  
  96  9:18  Battlecruiser  
  96  9:20  Supply Depot  
  102  9:34  Orbital Command  
  102  9:39  Terran Ship Weapons Level 1  
  102  9:42  Terran Vehicle And Ship Armor Level 1  
  102  9:53  Battlecruiser  
  108  10:23  Battlecruiser  
  114  10:30  Battlecruiser  
  120  11:00  Battlecruiser  
  126  11:17  Command Center  
  126  11:29  Supply Depot  
  126  11:43  Battlecruiser  
  126  11:44  Battlecruiser  
  126  11:45  Battlecruiser  
  144  11:53  Terran Ship Weapons Level 2  
  144  11:54  Supply Depot  
  144  12:21  Battlecruiser  
  150  12:54  Battlecruiser x2  
  162  13:18  Refinery x2  
  162  13:41  Battlecruiser  
  162  13:42  Battlecruiser  
  174  13:58  Battlecruiser  
  180  14:04  SCV  
  181  14:16  SCV  
  176  15:54  Terran Ship Weapons Level 3  
  176  15:55  Terran Vehicle And Ship Armor Level 2  
  176  16:00  Battlecruiser x4  
Show
View Real Time Build Order
Export as new Build Order

biff Terran - Winner!

Build Orders: Liberator Opening 

Get SALT Encoding   

  12  0:02  SCV  
  13  0:14  SCV  
  14  0:24  Supply Depot  
  14  0:29  Refinery  
  14  0:34  Refinery  
  14  0:38  SCV  
  15  0:52  Barracks  
  15  0:57  SCV  
  16  1:15  Engineering Bay  
  16  1:16  SCV  
  17  1:32  SCV  
  18  1:42  Reaper  
  18  1:44  SCV  
  20  1:55  Factory  
  20  1:58  SCV  
  21  2:11  SCV  
  21  2:12  Supply Depot  
  22  3:04  Starport  
  22  3:25  Liberator  
  22  3:38  Factory Reactor  
  22  3:40  Starport, SCV  
  25  3:51  Armory  
  25  3:56  Orbital Command  
  25  4:00  Liberator  
  25  4:03  Supply Depot  
  25  4:10  Fusion Core  
  25  4:12  Liberator  
  28  4:28  Missile Turret  
  31  4:33  Supply Depot  
  31  4:38  SCV  
  32  4:45  Terran Ship Weapons Level 1  
  32  4:50  SCV  
  33  5:05  Starport Reactor  
  33  5:22  Command Center  
  33  6:01  Liberator x2  
  27  6:21  Starport Reactor  
  33  6:28  Widow Mine x2  
  37  6:37  Missile Turret x2  
  37  6:45  Starport  
  37  6:50  Terran Vehicle And Ship Armor Level 1  
  37  6:54  Missile Turret  
  37  6:58  Liberator  
  37  6:59  Refinery  
  37  7:03  SCV  
  41  7:15  SCV  
  41  7:17  Refinery  
  42  7:27  SCV  
  43  7:30  Starport Tech Lab  
  43  7:38  Missile Turret  
  43  7:40  SCV  
  43  7:41  Missile Turret  
  43  7:42  Liberator  
  44  7:51  Advanced Ballistics  
  44  7:52  SCV  
  45  8:04  SCV  
  49  8:12  Liberator  
  49  8:15  Missile Turret  
  49  8:16  SCV  
  50  8:22  Missile Turret  
  50  8:28  SCV  
  50  8:30  Liberator  
  54  8:40  Missile Turret  
  54  8:46  Missile Turret  
  57  8:58  Terran Ship Weapons Level 2  
  57  9:05  Missile Turret  
  57  9:07  Liberator, Orbital Command  
  54  10:21  Liberator x2  
  54  10:24  Liberator  
  51  10:45  Battlecruiser  
  57  10:52  Command Center  
  57  10:57  SCV  
  58  11:05  Missile Turret  
  58  11:09  SCV  
  59  11:11  Building Armor  
  59  11:14  Terran Vehicle And Ship Armor Level 2  
  59  11:21  SCV  
  60  11:40  Supply Depot  
  60  11:44  Liberator x2  
  60  11:51  Supply Depot  
  60  11:54  Weapon Refit  
  60  12:02  Liberator  
  66  12:16  Supply Depot  
  69  12:28  Liberator  
  69  12:34  Liberator  
  69  12:37  Missile Turret, Widow Mine  
  69  12:38  Widow Mine  
  79  13:08  Missile Turret  
  79  13:24  SCV, Refinery  
  79  13:25  Liberator x2  
  80  13:31  Liberator  
  80  13:32  Missile Turret  
  80  13:36  SCV  
  81  13:48  SCV  
  91  13:56  Missile Turret  
  91  14:00  SCV  
  92  14:12  SCV  
  93  14:24  Missile Turret  
  93  14:25  Terran Ship Weapons Level 3  
  87  17:24  Battlecruiser  
  93  17:47  Cyclone x2  
  99  19:06  Barracks Reactor  
  99  19:10  Supply Depot  
Show
View Real Time Build Order
Export as new Build Order

Leeyow Terran - Winner!

Build Orders:  

Get SALT Encoding   

  12  0:02  SCV  
  13  0:24  Supply Depot  
  13  0:27  SCV  
  14  0:40  SCV  
  15  0:49  Barracks  
  15  0:52  SCV  
  16  1:04  SCV  
  17  1:16  SCV, Refinery  
  18  1:33  SCV  
  18  1:37  Supply Depot  
  19  1:46  Orbital Command  
  19  1:48  Marine  
  20  1:59  Supply Depot  
  20  2:06  Marine  
  21  2:20  SCV  
  22  2:24  Marine  
  23  2:32  SCV  
  24  2:37  Command Center  
  24  2:42  Marine, Bunker  
  25  2:44  SCV  
  26  2:57  SCV  
  27  3:00  Marine  
  28  3:09  SCV  
  29  3:13  Bunker  
  29  3:15  Factory  
  29  3:18  Marine  
  30  3:21  SCV  
  31  3:33  SCV  
  32  3:35  Marine  
  33  3:44  Engineering Bay  
  33  3:45  SCV  
  34  3:48  Refinery  
  34  3:53  Marine, Refinery  
  35  3:57  SCV  
  35  4:01  Orbital Command  
  36  4:09  SCV  
  37  4:21  SCV  
  38  4:33  SCV  
  38  4:34  SCV  
  40  4:40  Starport  
  40  4:46  SCV x2  
  40  4:50  Barracks  
  42  4:54  Cyclone  
  42  4:58  SCV x2  
  47  5:01  Marine  
  47  5:07  Terran Infantry Weapons Level 1  
  48  5:10  SCV x2  
  50  5:18  Marine  
  51  5:22  SCV x2  
  51  5:24  Refinery  
  53  5:34  SCV  
  54  5:38  Missile Turret  
  54  5:39  Barracks  
  54  5:53  Armory  
  54  5:57  Missile Turret  
  54  6:15  Marine, Medivac, SCV x2, Cyclone  
  62  6:19  Missile Turret  
  62  6:27  SCV x2  
  62  6:31  Supply Depot  
  64  6:33  Marine  
  65  6:40  Missile Turret  
  65  6:45  Medivac  
  67  6:51  Marine  
  68  6:54  Supply Depot  
  68  7:01  Terran Infantry Armor Level 1  
  68  7:02  Barracks  
  68  7:03  Missile Turret  
  68  7:04  Barracks Tech Lab  
  68  7:05  Barracks Reactor  
  68  7:09  Marine  
  68  7:14  Factory Tech Lab  
  69  7:16  Supply Depot  
  69  7:21  Starport Tech Lab  
  69  7:24  Missile Turret  
  69  7:27  Marine  
  70  7:32  Starport  
  70  7:38  Supply Depot  
  70  7:45  Marine  
  71  7:51  Stimpack  
  71  7:56  Barracks Reactor  
  71  8:01  Supply Depot  
  71  8:02  Fusion Core  
  71  8:03  Marine  
  72  8:07  Marine x3  
  72  8:10  Factory  
  75  8:15  Siege Tank  
  78  8:20  Marine  
  78  8:21  Raven  
  78  8:25  Supply Depot, Marine x3  
  84  8:30  Starport Tech Lab  
  84  8:38  Marine  
  85  8:43  Marine x3  
  85  8:47  Supply Depot, Siege Tank  
  91  8:55  Command Center  
  91  8:56  Marine  
  91  9:00  Marine  
  91  9:01  Marine x2  
  95  9:04  Banshee  
  98  9:12  Supply Depot  
  98  9:14  Marine  
  99  9:18  Marine x2  
  99  9:19  Marine, Siege Tank  
  99  9:21  Infernal Pre-Igniter  
  105  9:31  Marine x2  
  107  9:32  Marine  
  107  9:35  Supply Depot  
  107  9:36  Marine x3  
  111  9:47  Viking  
  111  9:48  Marine  
  111  9:49  Marine  
  111  9:50  Marine  
  111  9:52  Combat Shields, Terran Infantry Weapons Level 2  
  116  9:54  Marine x2  
  118  10:17  Battlecruiser  
  124  10:40  Smart Servos  
  124  11:22  Battlecruiser  
  130  11:54  Factory Tech Lab  
  130  12:10  Battlecruiser  
  136  12:19  Siege Tank  
  136  12:20  Siege Tank  
  142  12:26  Battlecruiser  
  148  12:38  Marine  
  148  12:39  Marine x2  
  151  12:51  Barracks Reactor  
  151  12:56  Marine x2  
  151  12:57  Marine  
  154  13:01  Marine x2  
  156  13:14  Marine  
  157  13:47  Supply Depot  
  157  14:09  Marine, SCV, Battlecruiser  
  165  14:11  Supply Depot  
  165  14:32  Marine x2, Battlecruiser  
  165  14:35  Supply Depot  
  173  14:49  Marine x3, SCV  
  173  14:50  Marine x2  
  171  14:58  Supply Depot  
  161  15:01  SCV  
  161  15:06  Marine x3  
  161  15:07  Marine  
  161  15:13  SCV  
  164  15:15  Battlecruiser  
  170  15:21  Supply Depot  
  170  15:24  Marine x2  
  172  15:37  Battlecruiser  
  172  15:42  Marine  
  179  15:43  Siege Tank  
  182  15:50  Marine x2  
  182  15:51  Marine x4  
  188  15:59  Terran Infantry Armor Level 2  
  188  16:00  Marine  
  189  16:08  Marine x3  
  189  16:09  Marine x3  
  195  16:18  Marine  
  196  16:26  Marine  
  197  17:03  Marine  
  197  17:04  Marine  
  197  17:05  Marine  
  197  17:06  Marine x2  
  197  17:07  Marine x2  
  196  17:21  Marine  
  197  18:23  Marine  
  197  18:26  Marine x2  
  197  18:28  Marine  
  197  18:31  Marine  
  197  18:32  Marine x2  
  197  18:35  Viking  
  197  18:38  Siege Tank  
  197  19:00  Marine  
Show
View Real Time Build Order
Export as new Build Order

Infamous Protoss - Winner!

Build Orders: 1 Gate Expand 

Get SALT Encoding   

  12  0:01  Probe  
  13  0:13  Probe  
  14  0:19  Pylon  
  14  0:25  Probe  
  15  0:37  Probe  
  15  0:39  Gateway  
  16  0:53  Probe (Chrono Boost)  
  17  1:04  Probe (Chrono Boost), Assimilator  
  18  1:09  Probe (Chrono Boost)  
  19  1:22  Probe  
  20  1:28  Nexus  
  20  1:34  Probe  
  21  1:41  Cybernetics Core  
  21  1:49  Probe  
  22  1:55  Assimilator  
  22  1:57  Pylon  
  22  2:12  Probe  
  23  2:24  Stargate  
  23  2:25  Probe  
  23  2:28  Warp Gate (Chrono Boost)  
  24  2:39  Adept (Chrono Boost)  
  26  2:44  Probe (Chrono Boost)  
  26  2:49  Probe (Chrono Boost)  
  28  2:55  Probe (Chrono Boost)  
  30  2:58  Assimilator  
  30  2:59  Probe (Chrono Boost)  
  30  3:03  Assimilator  
  30  3:09  Void Ray  
  34  3:35  Stargate  
  34  3:46  Probe x2  
  36  3:53  Pylon  
  36  3:59  Probe (Chrono Boost)  
  38  4:03  Probe (Chrono Boost)  
  38  4:05  Void Ray (Chrono Boost)  
  38  4:08  Pylon  
  43  4:11  Probe (Chrono Boost)  
  43  4:12  Protoss Air Weapons Level 1 (Chrono Boost)  
  43  4:15  Probe (Chrono Boost)  
  44  4:21  Probe  
  44  4:22  Void Ray (Chrono Boost)  
  49  4:26  Probe  
  50  4:33  Probe  
  51  4:38  Probe  
  51  4:45  Probe, Forge  
  52  4:51  Stargate  
  53  4:52  Stargate  
  53  4:58  Void Ray (Chrono Boost)  
  61  5:16  Void Ray (Chrono Boost)  
  61  5:19  Probe  
  62  5:25  Photon Cannon  
  62  5:27  Shield Battery  
  62  5:32  Photon Cannon  
  62  6:24  Pylon  
  62  6:27  Pylon, Protoss Air Armor Level 1 (Chrono Boost)  
  62  6:42  Probe x2  
  76  6:49  Void Ray (Chrono Boost)  
  76  6:52  Void Ray x2 (Chrono Boost)  
  76  7:21  Probe x2  
  78  7:26  Fleet Beacon  
  78  7:52  Pylon  
  78  7:59  Pylon  
  78  8:02  Pylon  
  78  8:06  Pylon  
  78  8:09  Void Ray  
  78  8:10  Probe x2  
  84  8:16  Void Ray x3  
  88  8:27  Probe x2  
  86  8:37  Shield Battery  
  86  8:49  Anion Pulse-Crystals (Chrono Boost)  
  86  8:52  Void Ray  
  90  8:59  Void Ray x3  
  102  9:35  Carrier  
  108  10:40  Tempest (Chrono Boost)  
  110  10:42  Void Ray (Chrono Boost)  
  110  10:46  Tempest (Chrono Boost)  
  84  10:59  Void Ray (Chrono Boost)  
  84  11:03  Probe x2  
  90  11:19  Void Ray (Chrono Boost)  
  90  11:24  Tempest (Chrono Boost)  
  106  11:27  Carrier (Chrono Boost)  
  106  11:54  Nexus  
  110  11:55  Pylon  
  110  11:56  Void Ray (Chrono Boost)  
  110  11:57  Pylon  
  110  11:58  Graviton Catapult (Chrono Boost)  
  110  12:00  Pylon  
  110  12:10  Pylon  
  110  12:13  Probe x2  
  110  12:14  Pylon  
  110  12:15  Assimilator  
  112  12:17  Assimilator  
  112  12:22  Carrier (Chrono Boost)  
  112  12:26  Mothership  
  126  12:31  Void Ray (Chrono Boost)  
  130  12:56  Probe  
  131  13:04  Void Ray (Chrono Boost)  
  139  13:08  Probe  
  139  13:11  Probe  
  141  13:15  Void Ray (Chrono Boost)  
  141  13:20  Probe  
  142  13:29  Photon Cannon, Protoss Air Weapons Level 2 (Chrono Boost)  
  142  13:31  Probe, Photon Cannon  
  142  13:33  Photon Cannon  
  147  13:35  Photon Cannon, Void Ray (Chrono Boost)  
  147  13:49  Void Ray  
  145  14:15  Void Ray  
  145  14:16  Void Ray x2  
  157  14:41  Tempest (Chrono Boost)  
  155  14:55  Void Ray (Chrono Boost)  
  155  15:06  Void Ray (Chrono Boost)  
  155  15:12  Void Ray (Chrono Boost)  
  155  15:15  Probe x3  
  162  15:27  Probe x2  
  162  15:28  Probe  
  165  15:43  Pylon  
  165  15:46  Pylon  
  165  15:49  Pylon  
  165  16:01  Probe, Void Ray  
  170  16:04  Void Ray x2  
  170  16:06  Probe, Void Ray  
  183  16:26  Protoss Air Armor Level 2 (Chrono Boost)  
  183  16:32  Cybernetics Core  
  183  16:41  Void Ray  
  187  17:03  Pylon x2, Nexus  
  187  17:11  Void Ray  
  187  17:20  Void Ray  
  195  17:34  Void Ray  
Tags
 
Add a new tag
Caveats
  • Supply blocks, unpowered buildings, or Contaminate may cause inaccurate times.
  • Supply counts are checked every 10 seconds.